[Event "*** SCC Grand Prix: Titled Tuesday Blitz"]
[Site "Chess.com"]
[Date "2020.09.08"]
[Round "3"]
[White "ChronicUnhappiness"]
[Black "almo64"]
[Result "1-0"]
[WhiteElo "2446"]
[BlackElo "2715"]
[TimeControl "180+1"]
[EndTime "10:29:32 PDT"]
[Termination "ChronicUnhappiness won on time"]

1. c4 e6 2. d4 d5 3. Nf3 Nf6 4. cxd5 exd5 5. Bg5 h6 6. Bh4 g5 7. Bg3 Ne4 8. a3 Nc6 9. e3 Nxg3 10. hxg3 Bg7 11. Bd3 Qd6 12. Nc3 Be6 13. Rc1 a6 14.
O-O O-O 15. e4 g4 16. exd5 gxf3 17. dxe6 Nxd4 18. gxf3 fxe6 19. Be4 Rad8 20. f4 b5 21. Qh5 c5 22. Qg6 Rf6 23. Qg4 h5 24. Qxh5 Rh6 25. Qg4 Kf7 26. Ne2 Rdh8 27. Nxd4 Qxd4 28. Rfe1 Rh2 29.
Rc2 Bf6 30. Bg6+ Kg7 31. Be4+ Kf8 32. Rce2 Ke7 33. Bf3 Kd8 34. Qxe6 1-0

[Event "*** SCC Grand Prix: Titled Tuesday Blitz"]
[Site "Chess.com"]
[Date "2020.09.08"]
[Round "3"]
[White "Paladin61"]
[Black "AccioChess"]
[Result "1-0"]
[WhiteElo "2630"]
[BlackElo "2401"]
[TimeControl "180+1"]
[EndTime "10:29:32 PDT"]
[Termination "Paladin61 won on time"]

1. b3 e5 2. Bb2 Nc6 3. e3 Nf6 4. Bb5 Bd6 5. Na3 a6 6. Be2 b5 7. c4 b4 8. Nc2 e4 9. d4 exd3 10. Bxd3 Qe7 11. Nf3 O-O 12. Ncd4 Nxd4 13. Nxd4 Bb7 14. Nf5 Qe6 15. Nxd6 Qxd6 16. O-O Rfe8 17.
Re1 h6 18. h3 Qc6 19. Bf1 Rad8 20. Rc1 Qe6 21. Qd4 a5 22. Qa7 Qb6 23. Qxb6 cxb6 24.
Bd4 Re6 25. f3 Rc8 26. Kf2 Ne8 27. Bd3 Nc7 28. Red1 Na6 29. Bb1 Rd6 30. h4 Ba8 31. h5 f6 32. Bg6 1-0

[Event "*** SCC Grand Prix: Titled Tuesday Blitz"]
[Site "Chess.com"]
[Date "2020.09.08"]
[Round "3"]
[White "AldokhinIvan"]
[Black "Tenamu"]
[Result "1-0"]
[WhiteElo "2570"]
[BlackElo "2368"]
[TimeControl "180+1"]
[EndTime "10:29:33 PDT"]
[Termination "AldokhinIvan won on time"]

1. e4 e5 2. Nf3 Nc6 3. Bb5 Nf6 4.
O-O Bc5 5. Nxe5 Nxe4 6. Nd3 Bb6 7.
Re1 d5 8. Nc3 Bf5 9. Qf3 Bg6 10.
Nxe4 dxe4 11. Rxe4+ Bxe4 12. Qxe4+ Kf8 13. Bxc6 bxc6 14.
Qxc6 Qe8 15. Qf3 Rd8 16. b3 Rxd3 17. Ba3+ Rd6 18. c4 c5 19. b4 Rf6 20. Qg3 Re6 21. Rf1 Qc6 22. d4 Bc7 23. Qh3 Rh6 24. Qc8+ Ke7 25.
Re1+ Kf6 26. Qg4 Bxh2+ 27. Kf1 Rg6 28. Qh4+ Rg5 29. d5 Qd6 30. Bb2+ Kg6 31. Qe4+ f5 32.
Qf3 Qf4 33. Re6+ Kf7 34. Qe2 1-0

[Event "*** SCC Grand Prix: Titled Tuesday Blitz"]
[Site "Chess.com"]
[Date "2020.09.08"]
[Round "3"]
[White "Grandelicious"]
[Black "aliba25"]
[Result "1-0"]
[WhiteElo "2802"]
[BlackElo "2566"]
[TimeControl "180+1"]
[EndTime "10:29:34 PDT"]
[Termination "Grandelicious won by checkmate"]

1. Nf3 Nf6 2. g3 g6 3. b3 Bg7 4. Bb2 O-O 5. Bg2 a5 6. a3 d5 7. c4 c6 8. O-O Be6 9. d3 Na6 10. Nbd2 Qb6 11. Rb1 Rfd8 12. cxd5 cxd5 13. Bd4 Qd6 14. Qc1 Rac8 15. Qb2 Ne8 16. Bxg7 Nxg7 17. b4 axb4 18. axb4 Bg4 19. h3 Bxf3 20. Nxf3 Nf5 21.
h4 h6 22. Bh3 d4 23. h5 Rc3 24. Qd2 Kg7 25. hxg6 fxg6 26. Bxf5 gxf5 27. b5 Nc5 28. Kg2 Ne6 29. Rh1 f4 30. Rh4 Rdc8 31. Rg4+ Kh7 32. Rh1 Rc2 33. Qd1 Qd5 34. Rxh6+ Kxh6 35. Qh1+ Qh5 36.
Rh4 Qxh4 37. Qxh4+ Kg6 38. gxf4 Rxe2 39. Ne5+ Kf5 40.
Qg4+ Kf6 41. Qg6# 1-0

[Event "*** SCC Grand Prix: Titled Tuesday Blitz"]
[Site "Chess.com"]
[Date "2020.09.08"]
[Round "3"]
[White "gumimis"]
[Black "ChessPromotionAlex"]
[Result "0-1"]
[WhiteElo "2210"]
[BlackElo "2494"]
[TimeControl "180+1"]
[EndTime "10:29:34 PDT"]
[Termination "ChessPromotionAlex won on time"]

1. e4 c5 2. Nf3 d6 3. d4 cxd4 4. Nxd4 Nf6 5. Nc3 a6 6. Bg5 e6 7. f4 Qc7 8. Qf3 b5 9. O-O-O b4 10. Nd5 exd5 11. exd5 Be7 12. Bd3 Qa5 13. Rhe1 Ra7 14. Bf5 Qc5 15. Bxf6 gxf6 16. Qh3 Rc7 17. Re2 Kd8 18.
Bxc8 Rxc8 19. Nf5 Rc7 20. Rde1 Re8 21. Qxh7 Qxd5 22. Ng7 Rf8 23. Qh3 Qxa2 24. Nf5 Nc6 25. Qd3 Qa1+ 26. Kd2 Qxb2 27. Nxe7 Qc3+ 28. Qxc3 bxc3+ 29.
Kxc3 Nxe7+ 30. Kd4 Nf5+ 31. Kd5 Rc5+ 32. Ke4 Re8+ 33.
Kd3 Rd5+ 34. Kc4 Rd4+ 35. Kc3 Rxe2 36. Rxe2 Rxf4 37. Rd2 Kd7 38. Rd5 Rf2 39. Ra5 Ne3 40.
Rxa6 Rxg2 41. Kd3 Nxc2 42. h4 Nb4+ 43. Ke3 Nxa6 0-1

[Event "*** SCC Grand Prix: Titled Tuesday Blitz"]
[Site "Chess.com"]
[Date "2020.09.08"]
[Round "3"]
[White "nitpicker"]
[Black "dbrankovic68"]
[Result "1/2-1/2"]
[WhiteElo "2242"]
[BlackElo "2441"]
[TimeControl "180+1"]
[EndTime "10:29:34 PDT"]
[Termination "Game drawn by agreement"]

1. d4 Nf6 2. c4 e6 3. Nf3 Bb4+ 4.
Nbd2 c5 5. e3 Nc6 6. a3 Bxd2+ 7.
Qxd2 cxd4 8. Nxd4 d5 9. cxd5 exd5 10. b4 O-O 11. Bb2 Re8 12. Be2 Ne5 13. Rc1 a6 14. O-O b5 15. Rfd1 Nc4 16. Bxc4 dxc4 17. Nc6 Qxd2 18.
Rxd2 Bb7 19. Na5 Ne4 20. Rd7 Bc8 21. Rc7 Be6 22. Bd4 Rec8 23. Rxc8+ Rxc8 24. f3 Nd2 25. Kf2 f5 26. Ke2 Nb3 27. Nxb3 cxb3 28. Rxc8+ Bxc8 29. Kd3 Kf7 30. Bb2 Be6 31. Kd4 Bc4 32. Kc5 Bf1 33.
Kb6 Bxg2 34. Kxa6 Bf1 35. Ka5 g5 36. a4 bxa4 37. Kxa4 Ke6 38. Kxb3 Be2 39. f4 g4 40. Bc3 Bb5 41. Be1 Kd5 42. Kc3 Ke4 43. Kd2 Kf3 44.
Bg3 h5 45. Bh4 Kg2 46. Bg3 Kh3 47. e4 h4 48. Bxh4 Kxh4 49. exf5 Kh5 50. Ke3 Bd7 51.
Ke4 Kh6 52. Ke5 Kg7 53. f6+ Kf7 54. f5 Bb5 55. Kf4 Be2 56. Kg3 Kxf6 57. h3 gxh3 58. Kxh3 Kxf5 59. Kg3 Ke5 1/2-1/2

[Event "*** SCC Grand Prix: Titled Tuesday Blitz"]
[Site "Chess.com"]
[Date "2020.09.08"]
[Round "3"]
[White "mapleaff"]
[Black "ehrenfeld"]
[Result "1-0"]
[WhiteElo "2388"]
[BlackElo "2560"]
[TimeControl "180+1"]
[EndTime "10:29:35 PDT"]
[Termination "mapleaff won by resignation"]

1. d4 Nf6 2. c4 e6 3. g3 Bb4+ 4.
Bd2 a5 5. Bg2 d6 6. Nc3 Nbd7 7.
Nf3 O-O 8. O-O e5 9. d5 Bc5 10. Ne1 h6 11. Nd3 Ba7 12. a3 Qe7 13. b4 e4 14. Nf4 e3 15. fxe3 Bxe3+ 16. Kh1 Bxd2 17.
Qxd2 Ne5 18. Qd4 Bd7 19. Nd3 Rfe8 20. Nxe5 Qxe5 21. Qxe5 Rxe5 22. e4 Ree8 23. c5 Ng4 24. Bh3 Nf2+ 25. Rxf2 Bxh3 26. cxd6 axb4 27. Nb5 Rxe4 28.
dxc7 bxa3 29. Rf4 Re2 30. g4 a2 31. d6 Rb2 32. Nc3 Rc2 33. d7 Rxc3 34. d8=Q+ Kh7 35. Qxa8 Rb3 36. Qxa2 1-0

[Event "*** SCC Grand Prix: Titled Tuesday Blitz"]
[Site "Chess.com"]
[Date "2020.09.08"]
[Round "3"]
[White "IveBeenThroughPain"]
[Black "Kazan28"]
[Result "0-1"]
[WhiteElo "2478"]
[BlackElo "2245"]
[TimeControl "180+1"]
[EndTime "10:29:35 PDT"]
[Termination "Kazan28 won by resignation"]

1. e4 e5 2. Nf3 Nc6 3. d4 exd4 4.
Bc4 Nf6 5. e5 d5 6. Bb5 Ne4 7.
Nxd4 Bc5 8. Be3 O-O 9. Nxc6 bxc6 10. Bxc5 Nxc5 11. Bxc6 Rb8 12. Qxd5 Qe7 13. O-O Rd8 14.
Qf3 Rxb2 15. Nc3 Qxe5 16. Rfe1 Qf6 17. Rad1 Rf8 18. Qxf6 gxf6 19. Nd5 Rxc2 20. Rc1 Rxc1 21. Rxc1 Nd3 22. Rc3 Ne5 23. Ba4 Be6 24. Nxf6+ Kg7 25. Nh5+ Kh6 26. Nf4 Bxa2 27. Rxc7 Rb8 28. h3 Rb4 29.
Bc2 Rxf4 30. Rxa7 Be6 31. g4 Nf3+ 32. Kh1 Ne1 33. Bd1 Rxf2 34. Ra5 Nf3 35. Bxf3 Rxf3 36. Kg2 Rd3 37. Kh2 Kg6 38. h4 h6 39. g5 h5 40. Re5 Rh3+ 41. Kg2 Rxh4 42. Kf3 Rg4 43. Kf2 Rxg5 0-1

[Event "*** SCC Grand Prix: Titled Tuesday Blitz"]
[Site "Chess.com"]
[Date "2020.09.08"]
[Round "3"]
[White "woodpusher52"]
[Black "annacramling"]
[Result "1-0"]
[WhiteElo "2476"]
[BlackElo "2134"]
[TimeControl "180+1"]
[EndTime "10:29:35 PDT"]
[Termination "woodpusher52 won on time"]

1. e4 c5 2. Nf3 Nc6 3. d4 cxd4 4. Nxd4 Nf6 5. Nc3 e6 6. g3 Bb4 7. Bg2 O-O 8. O-O a6 9. Nce2 d5 10. c3 Be7 11. exd5 exd5 12. Bf4 Bg4 13. h3 Bxe2 14. Nxe2 h6 15. Nd4 Bc5 16. Nb3 Bd6 17. Bxd6 Qxd6 18.
Nd4 Ne5 19. Nf3 Nc4 20. b3 Ne5 21. Nxe5 Qxe5 22. Qd4 Rfe8 23. Qxe5 Rxe5 24. Rfe1 Rae8 25. Kf1 Ne4 26. Bxe4 dxe4 27. Re3 f5 28. Rd1 g5 29. Rd6 f4 30. Re1 Kg7 31. c4 e3 32. gxf4 gxf4 33. fxe3 fxe3 34. Ke2 R8e7 35. Rg1+ Kh7 36. Rgg6 Rh5 37.
Rg3 Rhe5 38. Rd3 Ra5 39. a4 b5 40. cxb5 axb5 41. Rd5 Ra6 42. Rxb5 Rf6 43. Rg2 Rfe6 44. Rd5 Re4 45. Rd3 1-0

[Event "*** SCC Grand Prix: Titled Tuesday Blitz"]
[Site "Chess.com"]
[Date "2020.09.08"]
[Round "3"]
[White "kirillshevchenko"]
[Black "1977Ivan"]
[Result "1-0"]
[WhiteElo "2860"]
[BlackElo "2623"]
[TimeControl "180+1"]
[EndTime "10:29:37 PDT"]
[Termination "kirillshevchenko won by checkmate"]

1. e4 c5 2. c3 e6 3. d4 d5 4. e5 Ne7 5. Bd3 Nec6 6. Ne2 Nd7 7. O-O Qb6 8. Nd2 cxd4 9. cxd4 Nxd4 10. Nxd4 Qxd4 11.
Nf3 Qb6 12. Qa4 Be7 13. Qg4 g6 14. Bh6 Qb4 15. Qg3 Nc5 16. Rfd1 Bd7 17. a3 Qa4 18.
Rac1 Nxd3 19. Rxd3 Rc8 20. Rxc8+ Bxc8 21. h4 Bd7 22.
Bg7 Rg8 23. Bf6 h6 24. Nd4 Qa5 25. Qe3 g5 26. hxg5 hxg5 27. Rb3 b6 28. Rc3 Qa4 29. b3 Qxa3 30. Nb5 Qb4 31. Nd6+ Kf8 32. Rc7 Bxf6 33.
Rxd7 Be7 34. Nc8 Bc5 35. Rd8+ Kg7 36. Qxg5+ Kh7 37. Qxg8+ Kh6 38. Qh8+ Kg5 39. Qf6+ Kh5 40. Rh8+ Kg4 41. Rh4# 1-0

[Event "*** SCC Grand Prix: Titled Tuesday Blitz"]
[Site "Chess.com"]
[Date "2020.09.08"]
[Round "3"]
[White "Xeniya2005"]
[Black "iLuusions"]
[Result "1-0"]
[WhiteElo "2399"]
[BlackElo "2567"]
[TimeControl "180+1"]
[EndTime "10:29:37 PDT"]
[Termination "Xeniya2005 won by checkmate"]

1. e4 c5 2. Be2 d6 3. f4 a6 4. Nf3 Nf6 5. d3 e6 6. O-O Be7 7. Kh1 Qc7 8. c3 b5 9. Be3 Bb7 10. a3 Nbd7 11. Nbd2 O-O 12. Rc1 Ng4 13. Bg1 f5 14.
Ng5 Bxg5 15. Bxg4 Bh6 16. exf5 exf5 17. Bf3 d5 18. g3 g5 19. fxg5 Bxg5 20. d4 f4 21. Bf2 c4 22. Rg1 Kh8 23. Rc2 Nf6 24. g4 Ne4 25. Qf1 Nxf2+ 26. Qxf2 Rae8 27. h4 Bd8 28.
Nf1 Re6 29. g5 Rfe8 30. Nh2 Re3 31. Ng4 R3e6 32. Re2 Rxe2 33. Bxe2 Bc8 34. Bf3 Bf5 35. Ne5 Be4 36. Bxe4 dxe4 37. Qxf4 Qb7 38. g6 e3+ 39.
Kh2 Bc7 40. g7+ Kg8 41. Qf7# 1-0

[Event "*** SCC Grand Prix: Titled Tuesday Blitz"]
[Site "Chess.com"]
[Date "2020.09.08"]
[Round "3"]
[White "HrvojeZagreb"]
[Black "Shuvalov"]
[Result "1-0"]
[WhiteElo "2174"]
[BlackElo "2461"]
[TimeControl "180+1"]
[EndTime "10:29:37 PDT"]
[Termination "HrvojeZagreb won on time"]

1. d4 Nf6 2. Bf4 d5 3. e3 c5 4.
Nc3 a6 5. dxc5 e6 6. Na4 Bxc5 7. Nxc5 Qa5+ 8. c3 Qxc5 9. Bd3 Nc6 10. Nf3 O-O 11. O-O Re8 12. Ne5 Nxe5 13. Bxe5 Qe7 14.
Qf3 Bd7 15. a4 Bc6 16. Qg3 g6 17. Qh3 Nd7 18. Bg3 e5 19. Qh6 Qf8 20. Qg5 Qe7 21.
Qh6 f6 22. c4 Nc5 23. cxd5 Bxd5 24. Bb1 Qg7 25. Qh4 Nb3 26. Ba2 Qf7 27. Rad1 Be6 28.
Rd6 Rad8 29. Rxd8 Rxd8 30. Bxe5 g5 31. Qg3 Nd2 32. Bxf6 Nxf1 33. Qxg5+ Qg6 34. Bxe6+ Kf8 35. Bxd8 Qxg5 36. Bxg5 Nd2 37. Bd5 Kg7 38. e4 Nb1 39. Bb3 b5 40. axb5 axb5 41. Bc2 h6 42.
Be3 1-0

[Event "*** SCC Grand Prix: Titled Tuesday Blitz"]
[Site "Chess.com"]
[Date "2020.09.08"]
[Round "3"]
[White "artichaud"]
[Black "GMaka"]
[Result "1-0"]
[WhiteElo "2234"]
[BlackElo "2359"]
[TimeControl "180+1"]
[EndTime "10:29:37 PDT"]
[Termination "artichaud won on time"]

1. e4 c6 2. d4 d5 3. Nd2 g6 4. c3 Bg7 5. Bd3 dxe4 6. Nxe4 Nf6 7. Nxf6+ exf6 8. Ne2 f5 9. Be3 O-O 10. Qd2 Qa5 11. Bh6 Be6 12. h4 Nd7 13. h5 Nf6 14. Bxg7 Kxg7 15. hxg6 fxg6 16. Qh6+ Kg8 17. Nf4 Bf7 18.
Kf1 Rae8 19. Qh4 Kg7 20. Qh6+ Kg8 21. Qh4 Qd8 22. Rh3 h5 23. Qg5 Nh7 24. Qh6 Qg5 25. Qxg5 Nxg5 26. Rg3 Ne4 27. Bxe4 Rxe4 28. Nxg6 h4 29.
Nxh4+ Kh7 30. Nf3 Rg4 31. Rxg4 fxg4 32. Ne5 Be6 33. b3 Kh6 34. Re1 Bf5 35. Re3 Kg5 36.
Ke2 a5 37. f3 g3 38. f4+ Kxf4 39. Rf3+ Ke4 40. Rxg3 Rh8 41. Nd3 Rh4 42. Re3+ 1-0

[Event "*** SCC Grand Prix: Titled Tuesday Blitz"]
[Site "Chess.com"]
[Date "2020.09.08"]
[Round "3"]
[White "KarstenHansch"]
[Black "LubovMarkelova"]
[Result "0-1"]
[WhiteElo "2473"]
[BlackElo "2218"]
[TimeControl "180+1"]
[EndTime "10:29:38 PDT"]
[Termination "LubovMarkelova won on time"]

1. e4 e6 2. d4 d5 3. Nc3 Nf6 4. e5 Nfd7 5. f4 c5 6. Nf3 Nc6 7. Be3 Be7 8. Qd2 b6 9. Be2 O-O 10. O-O f5 11. Nd1 cxd4 12. Nxd4 Nxd4 13. Bxd4 Nc5 14. Bxc5 bxc5 15. c4 d4 16. Bf3 Rb8 17. Nf2 g5 18. g3 Kh8 19. Nd3 Rg8 20. Kf2 Bb7 21. Bxb7 Rxb7 22. b3 gxf4 23. Nxf4 Bg5 24. Rae1 Bxf4 25. Qxf4 Qa5 26. Re2 Rg4 27. Qh6 Qb6 28. Ke1 Rbg7 29. Qf6 Rg6 30. Qf8+ Rg8 31. Qe7 R6g7 32. Qf6 Qa5+ 33. Kd1 Qc3 34. Rd2 d3 35. Rdf2 Qa1+ 36. Kd2 Qd4 37. Qxe6 Rd8 38. Qxf5 Qb2+ 39. Ke3 Qd4+ 40. Kf3 d2 0-1

[Event "*** SCC Grand Prix: Titled Tuesday Blitz"]
[Site "Chess.com"]
[Date "2020.09.08"]
[Round "3"]
[White "pirulillo"]
[Black "ExtremeLearner"]
[Result "0-1"]
[WhiteElo "2224"]
[BlackElo "2446"]
[TimeControl "180+1"]
[EndTime "10:29:38 PDT"]
[Termination "ExtremeLearner won on time"]

1. e4 c6 2. d4 d5 3. e5 Bf5 4. Be3 e6 5. Nd2 Nd7 6. c3 Qc7 7. b4 h6 8. Nb3 b6 9. a4 c5 10. bxc5 bxc5 11. Nxc5 Nxc5 12. dxc5 a6 13. Qd4 Ne7 14. Nf3 Nc6 15. Qf4 g5 16. Qg3 Bg7 17. Bd4 Qa5 18. h3 O-O 19. Rd1 Qxa4 20. Bd3 Bxd3 21. Rxd3 Qc4 22. Nd2 Qb5 23. O-O Nxe5 24. Bxe5 Bxe5 25. c4 dxc4 26. Qxe5 cxd3 27. Ne4 f5 28. Qxe6+ Kg7 29. Nd6 Qxc5 30. Qe7+ Kg6 31.
h4 Rae8 32. h5+ Kxh5 33. g4+ Kxg4 34. Qxe8 Rxe8 35. Nxe8 Kf3 36. Nf6 Qd4 0-1

[Event "*** SCC Grand Prix: Titled Tuesday Blitz"]
[Site "Chess.com"]
[Date "2020.09.08"]
[Round "3"]
[White "NikolaGry"]
[Black "vladislavkovalev"]
[Result "0-1"]
[WhiteElo "2613"]
[BlackElo "2857"]
[TimeControl "180+1"]
[EndTime "10:29:39 PDT"]
[Termination "vladislavkovalev won by resignation"]

1. d4 Nf6 2. c4 g6 3. Nc3 Bg7 4. e4 d6 5. f3 O-O 6. Nge2 c5 7. Be3 Nc6 8. Qd2 e6 9. Rd1 cxd4 10. Nxd4 d5 11.
Nxc6 bxc6 12. e5 Nd7 13. f4 Bb7 14. Be2 f6 15. exf6 Qxf6 16. O-O Nb6 17. Qc2 Qe7 18.
c5 Nd7 19. b4 a5 20. a3 axb4 21. axb4 Ra3 22. Rd3 Rxc3 23. Rxc3 d4 24. Ra3 dxe3 25. Ra7 Rb8 26. Bf3 e5 27. f5 e4 28. Qxe4 Qxe4 29. Bxe4 Bd4 30. Re1 Nf6 31. Bf3 gxf5 32. Kh1 f4 33.
Rd1 Bc3 34. b5 cxb5 35. Bxb7 e2 36. Rc1 e1=Q+ 37. Rxe1 Bxe1 38. c6 Ne8 39. Ra2 Bc3 40. Re2 Nc7 41. Re7 Ba5 42. h4 b4 43. Re5 Bb6 0-1

[Event "*** SCC Grand Prix: Titled Tuesday Blitz"]
[Site "Chess.com"]
[Date "2020.09.08"]
[Round "3"]
[White "Evgeny81"]
[Black "rasmussvane"]
[Result "1-0"]
[WhiteElo "2655"]
[BlackElo "2878"]
[TimeControl "180+1"]
[EndTime "10:29:40 PDT"]
[Termination "Evgeny81 won on time"]

1. d4 d5 2. c4 e6 3. Nf3 a6 4. e3 Nf6 5. Nc3 dxc4 6. Bxc4 b5 7. Be2 Bb7 8. O-O Nbd7 9. b3 c5 10. Bb2 Bd6 11. Rc1 O-O 12. dxc5 Nxc5 13. Qc2 Qe7 14. Rfd1 Rac8 15. Qb1 Rfd8 16. h3 b4 17. Na4 Be4 18.
Qa1 Nxa4 19. bxa4 Rxc1 20. Rxc1 a5 21. Nd4 Bb8 22. Bb5 Qd6 23. g3 h6 24. Nc6 Bxc6 25.
Bxc6 Nh5 26. Bf3 Nxg3 27. Rc6 Qd2 28. Bxg7 Nf5 29. Bf6 Re8 30. Rc4 Kh7 31. Rg4 Rg8 32. Be4 h5 33. Rg2 Rxg2+ 34. Kxg2 Kg8 35. Bxf5 exf5 36. Qd4 Qxd4 37. exd4 Bc7 38. Kf3 Kf8 39. Be5 1-0

[Event "*** SCC Grand Prix: Titled Tuesday Blitz"]
[Site "Chess.com"]
[Date "2020.09.08"]
[Round "3"]
[White "Fischerev7"]
[Black "Oneofmyturns"]
[Result "0-1"]
[WhiteElo "2405"]
[BlackElo "2655"]
[TimeControl "180+1"]
[EndTime "10:29:41 PDT"]
[Termination "Oneofmyturns won on time"]

1. e4 e5 2. Nf3 Nc6 3. Bb5 a6 4. Ba4 Nf6 5. O-O b5 6. Bb3 Bc5 7. d3 d6 8. h3 h6 9. Nc3 Na5 10. Ne2 Nxb3 11. axb3 O-O 12. Ng3 Re8 13. Qe2 d5 14.
Be3 Bf8 15. Bd2 Bb7 16. Rae1 g6 17. Bc3 d4 18. Bd2 Bg7 19. Nh2 c5 20. f4 exf4 21.
Bxf4 Nd5 22. Bd2 Ne3 23. Bxe3 dxe3 24. c3 b4 25. Rc1 Qb6 26. Qxe3 Rad8 27. Qf3 Re7 28.
c4 Bxb2 29. Rc2 Bg7 30. Kh1 Qd6 31. Rd2 Be5 32. Ng4 Bxg3 33. Nxh6+ Kg7 34. Nxf7 Bxe4 35. dxe4 Qxd2 36. Ng5 Qd6 37. e5 Bxe5 38. Qg4 Rf8 0-1

[Event "*** SCC Grand Prix: Titled Tuesday Blitz"]
[Site "Chess.com"]
[Date "2020.09.08"]
[Round "3"]
[White "Lion-Al-Messi"]
[Black "Mikheev1976"]
[Result "0-1"]
[WhiteElo "2555"]
[BlackElo "2386"]
[TimeControl "180+1"]
[EndTime "10:29:41 PDT"]
[Termination "Mikheev1976 won by resignation"]

1. e4 e5 2. Nf3 Nf6 3. Nxe5 d6 4. Nf3 Nxe4 5. d4 d5 6. Bd3 Nc6 7. O-O Be7 8. c4 Nb4 9. Be2 O-O 10. Nc3 Bf5 11.
Bf4 dxc4 12. Bxc4 Nd6 13. Bb3 Nd3 14. Qd2 Nxf4 15. Qxf4 c6 16. Rfe1 Re8 17. h3 h6 18. Ne5 Bg5 19. Qf3 Be6 20. Ne4 Nxe4 21. Bxe6 fxe6 22. Qf7+ Kh8 23. Rxe4 Qf6 24. Rae1 Kh7 25.
f4 Qxf7 26. Nxf7 Bf6 27. f5 Re7 28. fxe6 Rae8 29. Nd6 Rd8 30. Nf5 Ree8 31. b3 Rd5 32.
Rf1 g6 33. Ng3 Bxd4+ 34. Kh2 Be5 35. Rf7+ Kg8 36. Rxb7 Rxe6 37. Rg4 h5 38. Ra4 Rd3 39. h4 Bxg3+ 40. Kh3 Re1 0-1

[Event "*** SCC Grand Prix: Titled Tuesday Blitz"]
[Site "Chess.com"]
[Date "2020.09.08"]
[Round "3"]
[White "Sethu0025"]
[Black "GelmanAlexander"]
[Result "1-0"]
[WhiteElo "2712"]
[BlackElo "2508"]
[TimeControl "180+1"]
[EndTime "10:29:42 PDT"]
[Termination "Sethu0025 won on time"]

1. c4 c5 2. Nf3 Nf6 3. Nc3 e6 4. e3 d6 5. d4 Nbd7 6. Be2 b6 7. O-O Bb7 8. b3 a6 9. Bb2 Rg8 10. d5 g5 11. Nd2 Qe7 12. a3 g4 13. b4 h5 14. Re1 h4 15. g3 exd5 16. cxd5 Nxd5 17.
Nxd5 Bxd5 18. e4 Bb7 19. Nc4 O-O-O 20. Bxg4 Kc7 21. Rc1 hxg3 22. hxg3 Nf6 23. Bf3 Bh6 24. Rc2 Bf4 25. Bg2 Bxg3 26. fxg3 Rxg3 27. Re3 Rg5 28. bxc5 dxc5 29. Qf3 Nh5 30. Rf2 Kb8 31. Qxf7 Rd1+ 32. Kh2 Rxg2+ 33. Kxg2 Qg5+ 34. Kf3 Qg3+ 35. Ke2 Qg4+ 36.
Qf3 Qg1 37. Rf1 Ng3+ 38. Kxd1 Nxf1 39. Re1 1-0

[Event "*** SCC Grand Prix: Titled Tuesday Blitz"]
[Site "Chess.com"]
[Date "2020.09.08"]
[Round "3"]
[White "chessplayer9919"]
[Black "jeetjain"]
[Result "1/2-1/2"]
[WhiteElo "2598"]
[BlackElo "2405"]
[TimeControl "180+1"]
[EndTime "10:29:42 PDT"]
[Termination "Game drawn by repetition"]

1. e4 e5 2. Nf3 Nc6 3. d4 exd4 4. Nxd4 Bc5 5. Nb3 Bb6 6. Nc3 Nf6 7. Qe2 a5 8. Nd5 Nxd5 9. exd5+ Ne7 10. Bg5 f6 11. Be3 Bxe3 12. Qxe3 O-O 13. O-O-O d6 14. Nd4 Kh8 15.
Bc4 Nf5 16. Nxf5 Bxf5 17. Qf4 Qd7 18. Rhe1 a4 19. Bd3 Bxd3 20. Rxd3 a3 21. b3 Rfe8 22. Rde3 Rxe3 23. Qxe3 h6 24. Qe7 Qg4 25. Qe4 Qh5 26. h4 Rc8 27. Qe6 Ra8 28. g3 Qf3 29. Re2 Qc3 30. Qf7 Qa1+ 31. Kd2 Qd4+ 32. Kc1 Qb2+ 33. Kd2 Qd4+ 34. Ke1 Qa1+ 35. Kd2 Qd4+ 1/2-1/2

[Event "*** SCC Grand Prix: Titled Tuesday Blitz"]
[Site "Chess.com"]
[Date "2020.09.08"]
[Round "3"]
[White "FLamps8"]
[Black "DinaBelenkaya"]
[Result "1-0"]
[WhiteElo "2517"]
[BlackElo "2283"]
[TimeControl "180+1"]
[EndTime "10:29:42 PDT"]
[Termination "FLamps8 won on time"]

1. d4 Nf6 2. Bf4 d5 3. Nc3 c5 4. e4 dxe4 5. dxc5 Nbd7 6. Bb5 a6 7. Ba4 e5 8. Bxe5 Bxc5 9. Bd6 b5 10. Bb3 Qb6 11.
Bxc5 Nxc5 12. Nd5 Qa5+ 13. Kf1 O-O 14. Nxf6+ gxf6 15. Qe1 Nxb3 16. axb3 Qxe1+ 17. Rxe1 Bb7 18. Ne2 Rfd8 19. Nc3 Rd2 20. Re2 Rad8 21. Ke1 e3 22. fxe3 Rxe2+ 23. Kxe2 b4 24. Na4 Be4 25. Rc1 Kf8 26.
g3 Rd5 27. c4 Rh5 28. h4 Rf5 29. c5 Rf3 30. c6 Rxg3 31. c7 Bf5 32. Rc5 Be6 33. Rc6 Bg4+ 34. Kf2 Rf3+ 35. Ke2 Rf5+ 36. Kd2 Rd5+ 37. Ke1 Rd3 38. Nc5 Rxe3+ 39. Kf2 Re8 40.
Kg3 1-0

[Event "*** SCC Grand Prix: Titled Tuesday Blitz"]
[Site "Chess.com"]
[Date "2020.09.08"]
[Round "3"]
[White "pastouche06"]
[Black "RusPakhom"]
[Result "0-1"]
[WhiteElo "2496"]
[BlackElo "2297"]
[TimeControl "180+1"]
[EndTime "10:29:42 PDT"]
[Termination "RusPakhom won on time"]

1. d4 Nf6 2. c4 c5 3. d5 b5 4.
cxb5 a6 5. bxa6 g6 6. Nc3 Qa5 7. Bd2 Bg7 8. e4 Bxa6 9. e5 Bxf1 10. Kxf1 Qa6+ 11. Qe2 Ng4 12. f4 Nh6 13. Nb5 Qb7 14. Nf3 O-O 15. a4 Nf5 16. Bc3 Na6 17. Rd1 Nc7 18.
Nxc7 Qxc7 19. b3 Qb7 20. g4 Nd4 21. Bxd4 cxd4 22. Nxd4 Qxd5 23. Qf3 Qc5 24. Kg2 f6 25. e6 d6 26. Nb5 f5 27. g5 Qb4 28. Rc1 Rac8 29. Qe3 Bb2 30. Rxc8 Rxc8 31. Rf1 Bg7 32. Rf2 h6 33. h4 h5 34. Kg3 Kh7 35. Qa7 Qxb3+ 36.
Rf3 Qd1 37. Qxe7 Qg1+ 38. Kh3 Qh1+ 39. Kg3 Rc2 40. Rf2 Qg1+ 0-1

[Event "*** SCC Grand Prix: Titled Tuesday Blitz"]
[Site "Chess.com"]
[Date "2020.09.08"]
[Round "3"]
[White "ChessFunMaker"]
[Black "SharapovEvgeny"]
[Result "0-1"]
[WhiteElo "2242"]
[BlackElo "2480"]
[TimeControl "180+1"]
[EndTime "10:29:42 PDT"]
[Termination "SharapovEvgeny won on time"]

1. c4 c5 2. g3 Nc6 3. Bg2 g6 4. Nc3 Bg7 5. Nf3 e5 6. O-O d6 7. a3 a5 8. Ne1 Be6 9. d3 Nge7 10.
Nc2 d5 11. cxd5 Nxd5 12. Ne4 b6 13. Ng5 Bc8 14. Ne3 Nde7 15. Nc4 O-O 16. Rb1 Rb8 17. f4 b5 18. Nxe5 Nxe5 19. fxe5 Bxe5 20. Qb3 c4 21. dxc4 h6 22. Nxf7 Rxf7 23. cxb5 Qb6+ 24. Be3 Qe6 25. Qd3 Bb7 26. Rxf7 Qxf7 27. Rf1 Qe8 28.
Bxh6 Bxg2 29. Rf8+ Qxf8 30. Bxf8 Rxf8 31. Kxg2 Bxb2 32.
Qd7 Rf7 33. b6 Nf5 34. Qe8+ Kg7 35. e4 Ne3+ 36. Kh3 Bd4 37. Qd8 Be5 38. Qc8 Nc2 0-1

[Event "*** SCC Grand Prix: Titled Tuesday Blitz"]
[Site "Chess.com"]
[Date "2020.09.08"]
[Round "3"]
[White "Matveev_Vladimir"]
[Black "allvim"]
[Result "1-0"]
[WhiteElo "2576"]
[BlackElo "2376"]
[TimeControl "180+1"]
[EndTime "10:29:43 PDT"]
[Termination "Matveev_Vladimir won by resignation"]

1. d4 Nf6 2. c4 g6 3. Nc3 d5 4. cxd5 Nxd5 5. e4 Nxc3 6. bxc3 Bg7 7. Bg5 O-O 8. Rc1 c5 9. d5 h6 10. Be3 Qa5 11. Qd2 Kh7 12. h4 e6 13. h5 g5 14. f4 gxf4 15. Bxf4 exd5 16. exd5 Re8+ 17. Kf2 Bf5 18. Bd3 Bxd3 19. Qxd3+ Kg8 20. Ne2 Nd7 21. Rh3 Ne5 22. Qf5 Qxa2 23. Rg3 Nc4 24. Re1 Qa6 25.
Ra1 Rxe2+ 26. Kxe2 Nd6+ 27. Qd3 Qxa1 28. Bxd6 Re8+ 29.
Kf3 Kh8 30. Bxc5 Qxc3 31. Qxc3 Bxc3 32. Bxa7 b5 33. Bb6 b4 34. d6 Rb8 35. d7 Bf6 36. Bc7 Ra8 37. Rg4 Bd8 38. Be5+ Kh7 39. Rg7+ Kh8 40. Rxf7+ Kg8 41. Rg7+ Kf8 42. Rg4 Ra3+ 43. Ke2 b3 44. Bd6+ Kf7 45. Bxa3 1-0